 Dungeon Crawl Stone Soup version 0.22-a0-136-g83a10e5 (webtiles) character file.

48 sankara the Cudgeler (level 3, -6/31 HPs)
             Began as a Minotaur Monk on Feb 3, 2018.
             Mangled by a wyvern skeleton (7 damage)
             ... on level 2 of the Dungeon.
             The game lasted 00:03:29 (916 turns).

sankara the Cudgeler (Minotaur Monk)                 Turns: 916, Time: 00:03:30

Health: -6/31      AC:  8    Str: 15    XL:     3   Next: 50%
Magic:  2/2        EV:  4    Int:  7    God:
Gold:   80         SH:  0    Dex: 13    Spells: 2/2 levels left

rFire    . . .     SeeInvis .   a - +0 mace
rCold    . . .     Gourm    .   (no shield)
rNeg     . . .     Faith    .   h - +0 chain mail
rPois    .         Spirit   .   (helmet restricted)
rElec    .         Reflect  .   (no cloak)
rCorr    .         Harm     .   (no gloves)
MR       .....                  (no boots)
Stlth    ..........             (no amulet)
HPRegen  0.10/turn              (no ring)
MPRegen  0.08/turn              (no ring)

@: hasted, constricted, very quick
A: retaliatory headbutt, horns 2
a: no special abilities


You were on level 2 of the Dungeon.
You were not hungry.

You visited 1 branch of the dungeon, and saw 2 of its levels.

You collected 80 gold pieces.

Inventory:

Hand Weapons
 a - a +0 mace (weapon)
Missiles
 d - 41 stones (quivered)
 o - 4 javelins
Armour
 h - a +0 chain mail (worn)
Scrolls
 e - a scroll of fear {unknown}
 f - 2 scrolls of identify {unknown}
 j - a scroll of remove curse {unknown}
 m - a scroll of amnesia {unknown}
 n - a scroll of teleportation {unknown}
Potions
 g - a potion of haste
 i - a potion of resistance {unknown}
 k - a potion of might {unknown}
 l - a potion of degeneration {unknown}
Comestibles
 c - a ration


   Skills:
 - Level 3.6 Fighting
 + Level 5.2 Maces & Flails
 - Level 3.2 Dodging
 - Level 2.0 Stealth


You had 2 spell levels left.
You didn't know any spells.

Dungeon Overview and Level Annotations

Branches:
Dungeon (2/15)

Altars:


Innate Abilities, Weirdness & Mutations

You reflexively headbutt those who attack you in melee.
You have a pair of horns on your head.


Message History

The ball python constricts you. The wyvern skeleton bites you!
You are too injured to fight recklessly!
You are too injured to fight recklessly!
You sock the wyvern skeleton!
The wyvern skeleton is moderately damaged.
The ball python bites you. The ball python constricts you.
The wyvern skeleton bites you!
* * * LOW HITPOINT WARNING * * *
Your chain mail prevents you from hitting the wyvern skeleton.
The wyvern skeleton is moderately damaged.
The ball python bites you but does no damage.
The ball python constricts you. The wyvern skeleton barely misses you.
You furiously retaliate!
You headbutt the wyvern skeleton.
The ball python bites you but does no damage.
The ball python constricts you.
The wyvern skeleton bites you but does no damage.
It was a potion of haste.
You feel yourself speed up.
The ball python bites you but does no damage.
The ball python constricts you. The wyvern skeleton bites you!
You die...

#. #.####.#.. #.
#.#....#.. #. #.#.##.#.#
#[#####.#.##.#.#
..####.......#.##.#.#
....Z...............####
#..S................#
#.#####SZ.........#.#
#.@.........# #
#...........#
#...<.......#
#...........+
#...........#
#...........#
#...........#
#...........#
#...........#


You could see a ball python and a wyvern skeleton.

Vanquished Creatures
  An adder (D:2)
  2 leopard geckos (D:1)
  A ball python (D:1)
  6 bats (D:1)
  2 giant cockroaches (D:1)
  4 goblins (D:1)
  4 hobgoblins (D:1)
  4 jackals (D:1)
  5 frilled lizards (D:1)
  2 kobolds (D:1)
  3 rats (D:1)
34 creatures vanquished.

Notes
Turn   | Place    | Note
-------+----------+-------------------------------------------
     0 | D:1      | sankara the Minotaur Monk began the quest for the Orb.
     0 | D:1      | Reached XP level 1. HP: 19/19 MP: 0/0
    53 | D:1      | Reached skill level 4 in Maces & Flails
    56 | D:1      | Reached XP level 2. HP: 14/26 MP: 1/1
   547 | D:1      | Reached XP level 3. HP: 29/31 MP: 2/2
   576 | D:1      | Reached skill level 5 in Maces & Flails
   914 | D:2      | HP: 1/31 [wyvern skeleton (9)]
   916 | D:2      | Mangled by a wyvern skeleton

Vault maps used:
D:1:      saegor_arrival_simple_e, st_stairs_3
D:2:      cheibrodos_old_hovel, nemelex_diamond_rough_becter

Skill      XL: |  1  2  3 |
---------------+----------+-----
Maces & Flails | 4 5 |  5.2
Stealth        | 2 |  2.0
Fighting       | |  3.6
Dodging        | |  3.2

Action                   || total
-------------------------++-------
Melee: Mace              ||    95
       Headbutt          ||    13
  Use: Potion            ||     1
Armor: Robe              ||     2
       Chain mail        ||    63
Dodge: Dodged            ||    52

Table legend:
 A = Spawn XP
 B = Non-spawn XP
 C = Spawn XP percentage of total XP
 D = Spawn monster count
 E = Non-spawn monster count
 F = Spawn count percentage of total count
 G = Total turns spent on level
                    A         B        C        D         E        F      G
               +---------+---------+-------+---------+---------+-------+---------
         Total |       0 |      69 |   0.0 |       0 |      34 |   0.0 |   916
               +---------+---------+-------+---------+---------+-------+---------
           D:1 |       0 |      56 |   0.0 |       0 |      33 |   0.0 |   791
           D:2 |       0 |      13 |   0.0 |       0 |       1 |   0.0 |   125
               +---------+---------+-------+---------+---------+-------+---------
